 Dungeon Crawl Stone Soup version 0.18-a0-1225-g5d63bca (webtiles) character file.

130 namelastname112 the Skirmisher (level 4, -1/41 HPs)
             Began as a Draconian Chaos Knight on Feb 3, 2016.
             Slain by tasslehoff34's ghost (10 damage)
             ... on level 3 of the Dungeon.
             The game lasted 00:03:01 (2065 turns).

namelastname112 the Skirmisher (DrCK)               Turns: 2065, Time: 00:03:01

Health: -1/41      AC:  5    Str: 13    XL:     4   Next: 90%
Magic:  4/4        EV:  8    Int: 12    God:    Xom [.....*]
Gold:   51         SH:  0    Dex: 11    Spells: 0 memorised, 3 levels left

rFire  . . .     SeeInvis .     a - +0 hand axe (chaos)
rCold  . . .     Gourm    .     (armour unavailable)
rNeg   . . .     Faith    .     (no shield)
rPois  .         Spirit   .     (helmet restricted)
rElec  .         Dismiss  .     (no cloak)
rCorr  .         Reflect  .     (no gloves)
SustAt .         Harm     .     (no boots)
MR     .....                    k - amulet of magic regeneration
Stlth  +.........               (no ring)
                                (no ring)

@: not resistant to hostile enchantments, very unstealthy
A: unfitting armour, blurry vision 1, screaming 1, weak 1, cold-blooded, AC +5
a: Renounce Religion


You were on level 3 of the Dungeon.
You worshipped Xom.
You were Xom's teddy bear.
You were hungry.

You visited 1 branch of the dungeon, and saw 3 of its levels.

You collected 51 gold pieces.

Inventory:

Hand Weapons
 a - a +0 hand axe of chaos (weapon)
Jewellery
 k - an amulet of magic regeneration (around neck)
Scrolls
 c - a scroll of noise {unknown}
 e - a scroll of magic mapping {unknown}
 h - a scroll of remove curse {unknown}
 i - 2 scrolls of recharging {unknown}
Potions
 f - a potion of brilliance {unknown}
 g - a potion of curing {unknown}
 l - a potion of cancellation {unknown}
Comestibles
 b - a bread ration
 d - 4 fruits


   Skills:
 + Level 4.3 Fighting
 * Level 4.3 Axes
 + Level 3.1 Dodging


You had 3 spell levels left.
You didn't know any spells.

Dungeon Overview and Level Annotations

Branches:
Dungeon (3/15)

Altars:
Nemelex Xobeh

Annotations:
D:3 tasslehoff34's ghost, amateur DsGl


Innate Abilities, Weirdness & Mutations

Your plain brown scales are hard (AC +5).
Your body does not fit into most forms of armour.
You are cold-blooded and may be slowed by cold attacks.
Scrolls take you a little longer to read.
You occasionally shout uncontrollably at your foes.
You are weak. (Str -2)


Message History

Nothing appears to happen.
You tail-slap tasslehoff34's ghost.
Tasslehoff34's ghost is moderately damaged.
The helpless tasslehoff34's ghost fails to defend itself.
You hit tasslehoff34's ghost.
Tasslehoff34's ghost convulses.
Tasslehoff34's ghost is heavily damaged.
Tasslehoff34's ghost is no longer paralysed.
Tasslehoff34's ghost barely misses you.
You barely miss tasslehoff34's ghost.
Your tail-slap misses tasslehoff34's ghost.
Tasslehoff34's ghost is heavily damaged.
Tasslehoff34's ghost hits you!
* * * LOW HITPOINT WARNING * * *
You are too injured to fight recklessly!
Unknown command.
Press: ? - help, v - describe, . - travel
Here: tasslehoff34's ghost (heavily damaged)
The floor.
Tasslehoff34's ghost hits you!
You die...
Xom cackles wildly!

... ..# #..# ... ....
#.########## ....
#.##...>...#
....##.##.....#
...l).........# ∆
........#....b####∆∆∆
.....#[.#......†.#######
####..........##@#......
............b.W.#....
##...........b........
..###..).............
##.# #####............
#............
#............
#............
##...........


You could see tasslehoff34's ghost.

Vanquished Creatures
  Natasha (twice) (D:3)
  2 adders (D:2)
  2 oozes (D:1)
  3 worms (D:2)
  3 giant geckos
  An orc (D:3)
  A ball python (D:2)
  5 bats
  5 giant cockroaches
  4 goblins
  5 hobgoblins
  5 kobolds
  6 giant newts
  3 rats
47 creatures vanquished.

Notes
Turn   | Place    | Note
--------------------------------------------------------------
     0 | D:1      | namelastname112 the Draconian Chaos Knight began the quest for the Orb.
     0 | D:1      | Reached XP level 1. HP: 19/19 MP: 1/1
    52 | D:1      | Reached XP level 2. HP: 24/26 MP: 2/2
   157 | D:1      | XOM: harmless Fire miscast
   216 | D:1      | Found a sparkling altar of Nemelex Xobeh.
   426 | D:1      | XOM: silly message
   544 | D:1      | Reached XP level 3. HP: 28/33 MP: 3/3
   756 | D:1      | XOM: divination: detect creatures
   849 | D:1      | XOM: give mutations
   849 | D:1      | Gained mutation: Scrolls take you a little longer to read. [Xom's mischief]
   849 | D:1      | Gained mutation: You are weak. (Str -2) [Xom's mischief]
   849 | D:1      | Gained mutation: You occasionally shout uncontrollably at your foes. [Xom's mischief]
  1078 | D:2      | XOM: colour smoke trail
  1469 | D:2      | Reached skill level 4 in Fighting
  1469 | D:2      | Reached XP level 4. HP: 33/40 MP: 4/4
  1617 | D:3      | Noticed Natasha
  1623 | D:3      | Killed Natasha
  1684 | D:3      | Noticed Natasha
  1695 | D:3      | Killed Natasha
  1801 | D:3      | XOM: harmless Necr miscast
  1932 | D:3      | Noticed tasslehoff34's ghost (amateur DsGl)
  1941 | D:3      | XOM: repel stairs
  1953 | D:3      | XOM: fog
  1954 | D:3      | XOM: divination: detect items
  2033 | D:2      | XOM: silly message
  2056 | D:3      | XOM: butterfly on damage
  2065 | D:3      | Slain by tasslehoff34's ghost

Vault maps used:
D:1:      erik_arrival_gehennom, nemelex_altar_shiori
D:2:      grunt_decor_one_mirror
D:3:      st_stairs_10, kennysheep_orc_chapel, uniq_natasha

Action                   |  1- 3 |  4- 6 || total
-------------------------+-------+-------++-------
Melee: Hand axe          |   107 |    48 ||   155
 Stab: Sleeping          |     2 |       ||     2
       Paralysed         |       |     6 ||     6
  Eat: Chunk             |     2 |     1 ||     3
